 Dungeon Crawl Stone Soup version 0.27.1-4-g1640c2035a (webtiles) character file.

Game seed: 2532618474240085201

203 Findor the Firebug (level 6, -2/41 HPs)
             Began as a Human Fire Elementalist on Nov 8, 2021.
             Slain by a gnoll (10 damage)
             ... on level 4 of the Dungeon.
             The game lasted 00:06:11 (4468 turns).

Findor the Firebug (Human Fire Elementalist)        Turns: 4468, Time: 00:06:12

Health: -2/41      AC:  2    Str:  8    XL:     6   Next: 8%
Magic:  8/10       EV: 12    Int: 18    God:
Gold:   141        SH:  5    Dex: 15    Spells: 1/10 levels left

rFire    . . .     SeeInvis .   i - +0 whip (vamp) {!w}
rCold    . . .     Faith    .   (no shield)
rNeg     . . .     Spirit   .   a - +0 robe
rPois    .         Reflect  +   (no helmet)
rElec    .         Harm     .   (no cloak)
rCorr    .         Rampage  .   (no gloves)
Will     .....                  (no boots)
Stlth    +++.......             l - amulet of reflection
HPRegen  0.13/turn              (no ring)
MPRegen  0.12/turn              (no ring)

@: no status effects
A: thin skeletal structure 1
a: no special abilities


You were on level 4 of the Dungeon.
You visited 1 branch of the dungeon, and saw 4 of its levels.

You collected 141 gold pieces.


Innate Abilities, Weirdness & Mutations

You have a somewhat thin skeletal structure. (Dex +2, Stealth+)


   Skills:
 - Level 2.0 Dodging
 - Level 2.0 Stealth
 + Level 2.9 Spellcasting
 * Level 3.5 Conjurations
 * Level 4.5 Fire Magic


You had one spell level left.
You knew the following spells:

 Your Spells              Type           Power      Damage    Failure   Level
a - Foxfire               Conj/Fire      68%        2x1d7     3%          1
c - Apportation           Tloc           4%         N/A       17%         1
d - Conjure Flame         Conj/Fire      17%        6-21      10%         3
q - Sticky Flame          Conj/Fire      17%        2d4       30%         4

Your spell library contained the following spells:

 Spells                   Type           Power      Damage    Failure   Level
 Inner Flame              Hex/Fire       10%        N/A       19%         3
 Dazzling Flash           Conj/Hex       18%        N/A       24%         3
 Fireball                 Conj/Fire      8%         3d6       65%         5
 Agony                    Necr           2%         N/A       99%         5
 Alistair's Intoxication  Tmut/Pois      1%         N/A       99%         5
 Silence                  Hex/Air        1%         N/A       99%         5
 Invisibility             Hex            1%         N/A       100%        6

Inventory:

Hand Weapons
 h - a +0 short sword
   (You took it off a kobold on level 2 of the Dungeon)
 i - a +0 vampiric whip (weapon) {!w}
   (You took it off a kobold on level 2 of the Dungeon)
Armour
 a - a +0 robe (worn)
 s - a +0 leather armour of positive energy
   (You found it on level 4 of the Dungeon)
Jewellery
 j - a +4 ring of evasion
   (You found it on level 2 of the Dungeon)
 l - an amulet of reflection (around neck)
   (You found it on level 2 of the Dungeon)
Wands
 q - a wand of polymorph (13)
   (You found it on level 4 of the Dungeon)
Scrolls
 f - 3 scrolls of enchant weapon {unknown}
 g - a scroll of identify {unknown}
 o - a scroll of noise {unknown}
 p - a scroll of immolation {unknown}
 r - a scroll of fog {unknown}
Potions
 b - 2 potions of brilliance {unknown}
 c - a potion of berserk rage {unknown}
 d - a potion of resistance {unknown}
 e - a potion of curing {unknown}
 k - a potion of attraction {unknown}
 m - a potion of mutation {!q}
 n - a potion of flight {unknown}


Message History

Increase (S)trength, (I)ntelligence, or (D)exterity?
You feel clever.
You start resting.
You start resting.
Okay, then.
You open the door.
Found a glowing puce potion.
There is an open door here.
Found 12 stones.
m - 2 glowing puce potions (gained 1) Key pressed, stopping explore.
You conjure some foxfire!
You start resting.
As you open the door, it creaks loudly! 3 gnolls come into view.
The gnoll shouts! x2; You hear a shout!
A gnoll comes into view. It is wielding a +0 flail.
Found 17 gold pieces.
Found a staircase to the Ecumenical Temple.
A gnoll opens the door.
Casting: Foxfire (safe; 3% risk of failure)
You conjure some foxfire!
The gnoll shouts!
The foxfire hits the gnoll but does no damage.
The foxfire hits the gnoll.
The gnoll hits you with a +0 flail.
The gnoll hits you from afar with a +0 spear.
Casting: Foxfire (safe; 3% risk of failure)
You conjure some foxfire!
You block the gnoll's attack.
The gnoll hits you from afar with a +0 spear.
The foxfire hits the gnoll but does no damage.
The foxfire hits the gnoll.
The gnoll hits you with a +0 flail.
The gnoll hits you from afar with a +0 spear!
Casting: Foxfire (safe; 3% risk of failure)
You conjure some foxfire!
The gnoll hits you from afar with a +0 spear.
* * * LOW HITPOINT WARNING * * *
The gnoll barely misses you. You block the gnoll's attack.
The foxfire hits the gnoll. x2
The gnoll hits you from afar with a +0 spear.
* * * LOW HITPOINT WARNING * * *
The gnoll completely misses you. The gnoll closely misses you.
Okay, then.
The gnoll misses you. You block the gnoll's attack.
It was a potion of mutation.
You feel extremely strange.
Your bones become slightly less dense.
The gnoll barely misses you.
The gnoll hits you from afar with a +0 spear!
* * * LOW HITPOINT WARNING * * *
The gnoll hits you with a +0 flail!
You die...

#.....#.#+#.#
###.....# .$..
#.......###+###
#.........#
#...........#
#.g.......###
#gg.......#
#.g...#####
#@...## #....##
#...## #..##
#.## #. #. #.


You could see 4 gnolls.

Vanquished Creatures
  A bullfrog (D:3)
  A water moccasin skeleton (D:4)
  2 adders (D:2)
  A worm (D:2)
  A dart slug (D:2)
  6 orcs (D:3)
  3 ball pythons
  9 endoplasms
  2 giant cockroaches
  2 goblins
  9 hobgoblins
  7 kobolds
  3 quokkas
  6 bats
  3 frilled lizards
  4 rats
60 creatures vanquished.

Vanquished Creatures (others)
  163 foxfires
163 creatures vanquished.

Grand Total: 223 creatures vanquished

Notes
Turn   | Place    | Note
-------+----------+-------------------------------------------
     0 | D:1      | Findor the Human Fire Elementalist began the quest for the
                  | Orb.
     0 | D:1      | Reached XP level 1. HP: 13/13 MP: 3/3
   553 | D:1      | Reached XP level 2. HP: 19/19 MP: 0/5
  1196 | D:1      | Reached XP level 3. HP: 18/24 MP: 2/6
  1470 | D:2      | Learned a level 3 spell: Conjure Flame
  1824 | D:2      | Reached XP level 4. HP: 29/30 MP: 4/7
  2157 | D:2      | Found a faded altar of an unknown god.
  3157 | D:3      | Found a shimmering blue altar of Sif Muna.
  3165 | D:3      | Noticed a bullfrog
  3173 | D:3      | Killed a bullfrog
  3174 | D:3      | Reached skill level 3 in Conjurations
  3174 | D:3      | Reached skill level 4 in Fire Magic
  3174 | D:3      | Reached XP level 5. HP: 32/35 MP: 4/9
  3179 | D:3      | Learned a level 4 spell: Sticky Flame
  3377 | D:3      | Learned a level 1 spell: Apportation
  3702 | D:4      | Noticed Duvessa
  3705 | D:4      | Noticed Dowan
  4288 | D:4      | Reached XP level 6. HP: 28/41 MP: 7/10
  4452 | D:4      | Found a staircase to the Ecumenical Temple.
  4467 | D:4      | Gained mutation: You have a somewhat thin skeletal
                  | structure. (Dex +2, Stealth+) [potion of mutation]
  4467 | D:4      | HP: 8/41 [gnoll (8)]
  4468 | D:4      | Slain by a gnoll

Levels and vault maps discovered:
D:1:      denvon_arrival_planthouse, layout_loops_corners
D:2:      layout_loops_corners, chequers_ecumenical_altar_twisty,
          hangedman_decor_lopped
D:3:      layout_basic, mainiacjoe_overflow_boulevard
D:4:      layout_basic, minmay_temple_entry_glassed_door,
          kennysheep_big_empty_room, uniq_duvessa

Action                   |  1- 3 |  4- 6 || total
-------------------------+-------+-------++-------
Melee: Unarmed           |     6 |       ||     6
       Dagger            |     1 |       ||     1
       Short sword       |     3 |     2 ||     5
       Whip              |       |    52 ||    52
 Cast: Foxfire           |    43 |    49 ||    92
  Use: Potion            |       |     1 ||     1
 Stab: Sleeping          |     2 |       ||     2
Armor: Robe              |     4 |    10 ||    14
Dodge: Dodged            |    33 |    53 ||    86
Block: Other             |       |    11 ||    11
